 Dungeon Crawl Stone Soup version 0.28.0 (webtiles) character file.

Game seed: 491549553736705892

56 dylan the Ruffian (level 3, -5/30 HPs)
             Began as a Ghoul Gladiator on Feb 13, 2022.
             Killed from afar by Duvessa (9 damage)
             ... with a puff of flame
             ... on level 4 of the Dungeon.
             The game lasted 00:24:32 (3007 turns).

dylan the Ruffian (Ghoul Gladiator)                 Turns: 3007, Time: 00:24:32

Health: -5/30      AC:  8    Str: 19    XL:     3   Next: 95%
Magic:  2/2        EV: 10    Int:  3    God:
Gold:   141        SH:  0    Dex: 10    Spells: 2/2 levels left

rFire   . . .      SeeInvis .     - Unarmed
rCold   + . .      Faith    .   (no shield)
rNeg    + + +      Spirit   .   f - +0 scale mail
rPois   ∞          Reflect  .   b - +0 helmet
rElec   .          Harm     .   d - +0 cloak
rCorr   .          Rampage  .   (no gloves)
Will    .....                   (no boots)
Stlth   ..........              (no amulet)
HPRegen 0.00/turn               (no ring)
MPRegen 0.08/turn               (no ring)

@: inhibited regen
A: claws 1, cold resistance 1, negative energy resistance 3, inhibited
regeneration, torment resistance 2
a: no special abilities


You were on level 4 of the Dungeon.
You visited 1 branch of the dungeon, and saw 4 of its levels.

You collected 141 gold pieces.

Inventory:

Missiles
 c - 3 throwing nets (quivered)
 e - 17 arrows
 h - 24 sling bullets
Armour
 a - a +0 leather armour
 b - a +0 helmet (worn)
 d - a +0 cloak (worn)
 f - a +0 scale mail (worn)
 i - a +0 robe
Scrolls
 g - a scroll of teleportation
 j - a scroll of blinking {unknown}
 l - a scroll of fog {unknown}
 n - a scroll of noise {unknown}
 o - a scroll of enchant weapon {unknown}
Potions
 k - a potion of lignification {unknown}
 m - a potion of curing {unknown}


   Skills:
 + Level 2.3 Fighting
 + Level 1.9 Throwing
 + Level 1.2 Armour
 + Level 3.2 Dodging
 + Level 0.4 Stealth
 + Level 4.0 Unarmed Combat


You had 2 spell levels left.
You didn't know any spells.
Your spell library was empty.

Dungeon Overview and Level Annotations

Branches:
Dungeon (4/15)
 Temple: D:4-7

Altars:
Yredelemnul

Shops:
D:2 [

Annotations:
D:4 Dowan, Duvessa


Innate Abilities, Weirdness & Mutations

You thrive by killing the living.
You are immune to poison.
You have sharp fingernails.
Your flesh is cold resistant. (rC+)
You are immune to negative energy. (rN+++)
You do not regenerate when monsters are visible.
You are immune to unholy pain and torment.


Message History

There is a stone staircase leading down here.
There is a stone staircase leading down here.
There is a stone staircase leading down here.
You climb downwards.
The ball python hisses angrily.
Found a scroll labelled GENUNG UN OQI.
Found a stone staircase leading up.
There is a stone staircase leading up here.
You climb upwards.
There is a stone staircase leading down here.
You climb downwards.
There is a stone staircase leading up here.
You barely miss the ball python. You claw the ball python.
You kill the ball python!
Found 12 gold pieces.
A giant cockroach comes into view.
You see here a scroll labelled GENUNG UN OQI.
Duvessa and Dowan come into view.
Duvessa is wielding a +0 short sword and carrying a wand of flame (19).
Duvessa shouts!
Dowan shouts!
The giant cockroach bites you but does no damage.
Dowan says, "Magic and the sword, together, will defeat you."
Dowan points at Duvessa and mumbles some strange words.
Duvessa seems to speed up.
The giant cockroach bites you but does no damage.
You scratch the giant cockroach.
You kill the giant cockroach!
Duvessa zaps a wand.
The puff of flame hits you! Duvessa hits you but does no damage.
Dowan hits you with a +0 dagger. Duvessa hits you with a +0 short sword!
Duvessa hits you but does no damage.
Dowan's robes are whipped around by a magical breeze.
Dowan hits you but does no damage.
You barely miss Dowan. Duvessa hits you with a +0 short sword.
* * * LOW HITPOINT WARNING * * *
Dowan hits you with a +0 dagger.
* * * LOW HITPOINT WARNING * * *
Duvessa hits you but does no damage.
You scratch Dowan but do no damage.
Duvessa zaps a wand.
The puff of flame hits you!
You die...

....... .....
...............# ...
.........# #.# #..#
....#
#####.####..##....+
#.......?.........#
#.<...............#
#............ee....#
#.............@....#
##.<###..###.##.##.#
#..# #+## #.# .#
..... ... .# #.....
......+ #.....
......$# .###+##.#
#. .#


You could see Duvessa (fast) and Dowan.

Vanquished Creatures
  2 adders (D:3)
  8 ball pythons
  2 bats
  2 endoplasms (D:1)
  3 giant cockroaches
  A goblin (D:2)
  A hobgoblin (D:2)
  7 jackals (D:1)
  4 kobolds
  A quokka (D:1)
  A frilled lizard (D:1)
  3 rats
35 creatures vanquished.

Vanquished Creatures (others)
  A plant (D:1)
1 creature vanquished.

Grand Total: 36 creatures vanquished

Notes
Turn   | Place    | Note
-------+----------+-------------------------------------------
     0 | D:1      | dylan the Ghoul Gladiator began the quest for the Orb.
     0 | D:1      | Reached XP level 1. HP: 17/17 MP: 0/0
   124 | D:1      | Reached XP level 2. HP: 12/24 MP: 1/1
   454 | D:1      | Found a faded altar of an unknown god.
  1051 | D:1      | Reached XP level 3. HP: 23/29 MP: 2/2
  1580 | D:2      | You fall into a shaft and drop 1 floor!
  1587 | D:3      | Reached skill level 1 in Armour
  2280 | D:3      | Reached skill level 4 in Unarmed Combat
  2349 | D:2      | Found a basalt altar of Yredelemnul.
  2594 | D:2      | Found Hewkux Muti's Armour Boutique.
  3000 | D:4      | Noticed Duvessa
  3000 | D:4      | Noticed Dowan
  3007 | D:4      | Killed from afar by Duvessa

Illustrated notes

Levels and vault maps discovered:
D:1:      psy_arrival_fountain, layout_rooms,
          hellmonk_ecumenical_altar_arch_garden, serial_co_window_serial,
          co_window_paths_b, co_window_corner_a, co_window_paths_b,
          co_window_paths_a, co_window_paths_b, co_window_corner_b,
          co_window_broadway_c, co_window_cross_3, co_window_2corner,
          co_window_unsneaky_path_a, glass_columns_a, glass_columns_b
D:2:      layout_loops_ring, serial_shops, nicolae_shop_crystal, basic_altar
D:3:      layout_loops_ring
D:4:      layout_gridville, serial_shops, shop, ebering_ghost_inner_flame,
          uniq_duvessa, uniq_ijyb

Skill      XL: |  1  2  3 |
---------------+----------+-----
Dodging        | 3 |  3.2
Armour         | 1 |  1.2
Unarmed Combat | 4 |  4.0
Fighting       | |  2.3
Throwing       | |  1.9
Stealth        | |  0.4

Action                   || total
-------------------------++-------
Melee: Unarmed           ||   105
       Punch             ||     3
  Use: Scroll            ||     3
       Potion            ||     1
Armor: Leather armour    ||    39
       Scale mail        ||    10
Dodge: Dodged            ||    98
